 Dungeon Crawl Stone Soup version 0.22-a0-398-g8bb545f (webtiles) character file.

236 Borgoz the Covered (level 6, -10/39 HPs)
             Began as a Gargoyle Fighter on May 4, 2018.
             Was an Initiate of Ashenzari.
             Mangled by a gnoll
             ... wielding a +1 halberd of protection
              (12 damage)
             ... on level 6 of the Dungeon.
             The game lasted 00:06:30 (2752 turns).

Borgoz the Covered (Gargoyle Fighter)               Turns: 2752, Time: 00:06:32

Health: -10/39     AC: 11    Str: 24    XL:     6   Next: 6%
Magic:  6/6        EV:  7    Int:  9    God:    Ashenzari [......]
Gold:   196        SH: 10    Dex: 11    Spells: 5/5 levels left

rFire    . . .     SeeInvis .   a - +0 flail
rCold    . . .     Gourm    .   c - +0 shield (curse)
rNeg     + . .     Faith    .   b - +0 scale mail
rPois    ∞         Spirit   .   (no helmet)
rElec    +         Reflect  .   (no cloak)
rCorr    .         Harm     .   (no gloves)
MR       .....                  (no boots)
Stlth    ..........             (no amulet)
HPRegen  0.13/turn              (no ring)
MPRegen  0.10/turn              (no ring)

@: mighty
A: negative energy resistance 1, electricity resistance, unbreathing,
petrification resistance, rot immunity, AC +4
a: Curse Item, Renounce Religion


You were on level 6 of the Dungeon.
You worshipped Ashenzari.
Ashenzari was noncommittal.
You were not hungry.

You visited 2 branches of the dungeon, and saw 6 of its levels.

You collected 196 gold pieces.

Inventory:

Hand Weapons
 a - a +0 flail (weapon)
Armour
 b - a +0 scale mail (worn)
 c - a cursed +0 shield (worn)
Jewellery
 v - a cursed ring of loudness
 w - an uncursed ring of poison resistance
Wands
 q - a wand of digging (9)
Scrolls
 d - a scroll of magic mapping {unknown}
 e - 7 scrolls of remove curse
 g - a scroll of blinking {unknown}
 h - 4 scrolls of amnesia
 j - 4 scrolls of identify
 k - 4 scrolls of enchant weapon {unknown}
 s - a scroll of random uselessness {unknown}
 t - a scroll of teleportation {unknown}
 u - a scroll of immolation {unknown}
Potions
 i - 2 potions of haste {unknown}
 l - 2 potions of curing {unknown}
 m - a potion of invisibility {unknown}
 n - a potion of ambrosia {unknown}
 o - a potion of lignification {unknown}
 p - 2 potions of degeneration {unknown}
Comestibles
 f - 8 rations
 z - a chunk of flesh


   Skills:
 + Level 4.3 Fighting
 * Level 4.1 Maces & Flails
 + Level 4.3 Armour
 + Level 4.3 Shields


You had 5 spell levels left.
You didn't know any spells.

Dungeon Overview and Level Annotations

Branches:
Dungeon (4/15)             Temple (1/1) D:4

Altars:
Ashenzari
Cheibriados
Dithmenos
Elyvilon
Fedhas
Gozag
Hepliaklqana
Kikubaaqudgha
Makhleb
Nemelex Xobeh
Okawaru
Qazlal
Ru
Sif Muna
Trog
Uskayaw
Vehumet
Wu Jian
Xom
Yredelemnul
Zin
The Shining One


Innate Abilities, Weirdness & Mutations

You are resistant to torment.
Your stone body is resilient. (AC +4)
You are immune to poison.
You resist negative energy. (rN+)
You are resistant to electric shocks. (rElec)
You can survive without breathing.
You are immune to petrification.
You are immune to rotting.


Message History

You completely miss the orc warrior.
The orc warrior is heavily wounded.
You block the gnoll's attack. x2; You block the orc warrior's attack.
You block the orc's attack. The gnoll closely misses you.
You feel much better. You block the gnoll's attack. x2
The orc warrior hits you but does no damage.
The orc hits you but does no damage.
You hit the orc warrior but do no damage.
The orc warrior is heavily wounded.
The gnoll hits you with a flail. You block the gnoll's attack.
The gnoll closely misses you. The orc warrior hits you with a mace!
* * * LOW HITPOINT WARNING * * *
The orc hits you but does no damage.
You hit the orc warrior but do no damage.
The orc warrior is heavily wounded.
The gnoll hits you with a flail.
* * * LOW HITPOINT WARNING * * *
The gnoll hits you but does no damage.
The gnoll hits you from afar with a halberd of protection!
You die...

###### #
##g#..#..
#@o......#
#ogg.....#
#o........
#.........
#.........
##...#####
#...# ...+
...#


You could see an orc warrior, 3 gnolls and 2 orcs.

Vanquished Creatures
  A howler monkey (D:4)
  An orc priest (D:4)
  Jessica (D:2)
  Natasha (D:2)
  Terence (D:2)
  An adder (D:4)
  A worm (D:4)
  5 dart slugs
  A leopard gecko (D:1)
  7 orcs
  3 giant cockroaches
  7 goblins
  9 hobgoblins
  4 jackals (D:3)
  A quokka (D:2)
  A ball python (D:3)
  A bat (D:3)
  6 frilled lizards
  7 kobolds
  6 rats
65 creatures vanquished.

Notes
Turn   | Place    | Note
-------+----------+-------------------------------------------
     0 | D:1      | Borgoz the Gargoyle Fighter began the quest for the Orb.
     0 | D:1      | Reached XP level 1. HP: 14/14 MP: 1/1
    85 | D:1      | Reached XP level 2. HP: 14/19 MP: 2/2
   548 | D:2      | Reached XP level 3. HP: 23/23 MP: 3/3
   721 | D:2      | Noticed Terence
   733 | D:2      | Killed Terence
   733 | D:2      | Reached XP level 4. HP: 29/29 MP: 4/4
   783 | D:2      | Noticed Jessica
   832 | D:2      | Killed Jessica
  1010 | D:2      | Noticed Natasha
  1018 | D:2      | Killed Natasha
  1018 | D:2      | Reached XP level 5. HP: 26/33 MP: 5/5
  1545 | D:3      | Found a shimmering altar of Xom.
  1763 | D:3      | Noticed a two-headed ogre
  1763 | D:3      | Found an opulent altar of Gozag.
  2282 | D:4      | Found an ornate altar of the Wu Jian Council.
  2287 | D:4      | Found a hide-covered altar of Uskayaw.
  2289 | D:4      | Found a burning altar of Makhleb.
  2293 | D:4      | Found a glowing golden altar of the Shining One.
  2295 | D:4      | Found a white marble altar of Elyvilon.
  2407 | D:4      | Found a staircase to the Ecumenical Temple.
  2447 | Temple   | Entered the Ecumenical Temple
  2499 | Temple   | Became a worshipper of Ashenzari the Shackled
  2556 | D:4      | Reached XP level 6. HP: 39/39 MP: 6/6
  2688 | D:4      | Found a stormy altar of Qazlal.
  2692 | D:4      | Found a blossoming altar of Fedhas.
  2735 | D:4      | You fall through a shaft for 2 floors!
  2735 | D:6      | Noticed an orc warrior
  2752 | D:6      | Mangled by a gnoll

Vault maps used:
D:1:      minmay_arrival_doors
D:2:      uniq_terence, uniq_jessica, uniq_natasha
D:3:      chequers_temple_overflow_statue_of_worship, grunt_gozag_statues
D:4:      grunt_temple_overflow_forces_of_nature, minitemple, temple_doors_e
D:6:      basic_altar
Temple:   dshaligram_water_room_temple

Skill      XL: |  1  2  3  4  5 |
---------------+----------------+-----
Maces & Flails | 3 4 |  4.1
Fighting       | 4 |  4.3
Armour         | 4 |  4.3
Shields        | 4 |  4.3

Action                   |  1- 3 |  4- 6 || total
-------------------------+-------+-------++-------
Melee: Flail             |   101 |   157 ||   258
Invok: Curse Item        |       |     1 ||     1
  Use: Potion            |       |     5 ||     5
       Scroll            |       |     2 ||     2
  Eat: Chunk             |       |     6 ||     6
Armor: Scale mail        |    41 |    89 ||   130
Dodge: Dodged            |    31 |    53 ||    84
Block: Shield            |    60 |    89 ||   149

Table legend:
 A = Spawn XP
 B = Non-spawn XP
 C = Spawn XP percentage of total XP
 D = Spawn monster count
 E = Non-spawn monster count
 F = Spawn count percentage of total count
 G = Total turns spent on level
                    A         B        C        D         E        F      G
               +---------+---------+-------+---------+---------+-------+---------
         Total |       0 |     338 |   0.0 |       0 |      65 |   0.0 |  2752
               +---------+---------+-------+---------+---------+-------+---------
           D:1 |       0 |      27 |   0.0 |       0 |      16 |   0.0 |   506
           D:2 |       0 |     143 |   0.0 |       0 |      20 |   0.0 |   739
           D:3 |       0 |      35 |   0.0 |       0 |      19 |   0.0 |   537
           D:4 |       0 |     133 |   0.0 |       0 |      10 |   0.0 |   859
               +---------+---------+-------+---------+---------+-------+---------
